 Dungeon Crawl Stone Soup version 0.26-a0-737-g4e9f4955e2 (console) character file.

Game seed: 2169733832608602666

12734 om the Basher (level 11, -14/95 HPs)
             Began as a Palentonga Berserker on Nov 3, 2020.
             Was a High Priest of Trog.
             Demolished by a two-headed ogre
             ... wielding a +0 giant club
              (19 damage)
             ... on level 10 of the Dungeon on Nov 4, 2020.
             The game lasted 00:24:05 (13323 turns).

om the Basher (Palentonga Berserker)               Turns: 13323, Time: 00:24:06

Health: -14/95     AC: 19    Str: 22    XL:     11   Next: 66%
Magic:  0/11       EV: 13    Int:  8    God:    Trog [*****.]
Gold:   411        SH:  5    Dex: 11    Spells: 10/10 levels left

rFire    . . .     SeeInvis +   a - +2 whip (elec)
rCold    . . .     Faith    .   I - +1 buckler {reflect}
rNeg     + . .     Spirit   +   e - +0 ring mail
rPois    .         Reflect  +   (no helmet)
rElec    .         Harm     .   v - +0 cloak {MR+}
rCorr    .         Rampage  .   (no gloves)
MR       +....                  (no barding)
Stlth    +.........             g - amulet of guardian spirit
HPRegen  0.25/turn              y - ring of positive energy
MPRegen  0.12/turn              b - +4 ring of protection

@: berserk cooldown, slowed, curled up, very slow
A: large, rugged brown scales 3, see invisible, deformed body, roll, armoured
tail, reflexive curl
a: Rolling Charge, Berserk, Trog's Hand, Brothers in Arms, Renounce Religion


You were on level 10 of the Dungeon.
You worshipped Trog.
Trog was extremely pleased with you.
You visited 1 branch of the dungeon, and saw 11 of its levels.

You collected 516 gold pieces.
You spent 105 gold pieces at shops.

Inventory:

Hand Weapons
 a - a +2 whip of electrocution (weapon)
 C - a +4 mace
 F - a +3 vorpal quarterstaff
Armour
 e - a +0 ring mail (worn)
 v - a +0 cloak of magic resistance (worn)
 H - a +0 kite shield
 I - a +1 buckler of reflection (worn)
Jewellery
 b - a +4 ring of protection (right hand)
 g - an amulet of guardian spirit (around neck)
 x - an uncursed ring of ice
 y - a ring of positive energy (left hand)
 G - a +4 ring of protection
Wands
 l - a wand of paralysis (22)
 p - a wand of random effects (33)
 A - a wand of acid (7)
 E - a wand of flame (28)
Scrolls
 d - 7 scrolls of remove curse
 f - 4 scrolls of enchant weapon
 h - 8 scrolls of teleportation
 i - 3 scrolls of blinking
 m - 2 scrolls of magic mapping {unknown}
 o - a scroll of random uselessness {unknown}
 q - 2 scrolls of amnesia {unknown}
 u - 2 scrolls of fog {unknown}
 B - 2 scrolls of identify
Potions
 c - 2 potions of cancellation
 j - 2 potions of berserk rage
 k - 5 potions of lignification
 n - 2 potions of might
 r - a potion of flight
 s - 3 potions of stabbing
 t - a potion of brilliance {unknown}
 w - a potion of haste {unknown}
 z - a potion of magic {unknown}
Miscellaneous
 D - a lightning rod (4/4)


   Skills:
 - Level 6.0 Fighting
 - Level 10.0 Maces & Flails
 * Level 8.9 Armour
 * Level 8.9 Dodging
 * Level 2.4 Shields
 * Level 3.4 Evocations


You had 10 spell levels left.
You didn't know any spells.
Your spell library was empty.

Dungeon Overview and Level Annotations

Branches:
Dungeon (11/15)            Temple (0/1) D:6            Lair (0/6) D:10
    Orc: D:9-12

Altars:
Cheibriados
Fedhas
Hepliaklqana
Makhleb
Vehumet
Xom
The Shining One

Shops:
D:5 [=*


Innate Abilities, Weirdness & Mutations

You are completely covered in rugged brown scales. (AC +3, +7% HP)
You have supernaturally acute eyesight. (SInv)
Armour fits poorly on your strangely shaped body.
You can roll at foes to attack.
You have a long armoured tail.
You curl defensively after being hit.


Message History

Things that are here:
a cursed -3 giant spiked club; a +0 giant spiked club You climb downwards.
The two-headed ogre hits you with a +0 giant club!
The two-headed ogre hits you with a +0 giant spiked club!
The two-headed ogre hits you with a +0 giant club!!
The two-headed ogre hits you with a +0 giant spiked club!!
* * * LOW HITPOINT WARNING * * *
There is a stone staircase leading up, spattered with blood here.
The two-headed ogre barely misses you.
The two-headed ogre hits you with a +0 giant spiked club!
* * * LOW HITPOINT WARNING * * *
You climb upwards.
There is a stone staircase leading down, spattered with blood here.
Things that are here:
a cursed -3 giant spiked club; a +0 giant spiked club You hit the two-headed ogre.
The two-headed ogre is lightly wounded.
The two-headed ogre hits you with a +0 giant club!!
You die...

##......# ######.#
.......## #....!<#
##.##..# #.######
##)##..# #.#
.[.)...# #.#
##.##.## #.#
##.##.# #.#
......# #.#
####### #.#
################.#
#.[...........O@)#
#.################
#.# #.# ##.# ...#
####


You could see a two-headed ogre.

Vanquished Creatures
  A centaur warrior (D:9)
  An ogre mage (D:10)
  5 two-headed ogres
  A kobold demonologist (D:9)
  A troll (D:9)
  A hornet (D:8)
  Sigmund (D:5)
  A wyvern (D:10)
  4 yaks (D:9)
  Menkaure (D:4)
  A soldier ant (D:10)
  A water moccasin (D:7)
  An ice beast (D:7)
  An eye of draining (D:10)
  2 sky beasts
  2 black bears
  10 ogres
  3 phantoms
  A necrophage (D:8)
  4 centaurs
  14 big kobolds
  Blork the orc (D:5)
  7 bullfrogs
  3 scorpions
  2 wyvern skeletons
  4 killer bees
  10 wights
  8 howler monkeys
  A centaur zombie (D:4)
  A quasit (D:10)
  A bullfrog skeleton (D:4)
  A centaur skeleton (D:8)
  7 orc priests
  Crazy Yiuf (D:5)
  A gnoll shaman (D:7)
  3 hounds
  7 jellies
  4 iguanas
  13 orc wizards
  8 worker ants
  A killer bee zombie (D:6)
  A hound zombie (D:7)
  2 hound skeletons
  A worker ant zombie (D:9)
  5 gnolls (D:7)
  15 adders
  2 shadow imps (D:7)
  2 white imps
  2 ufetubi
  3 oozes
  An adder skeleton (D:7)
  An adder zombie (D:10)
  3 worms
  3 leopard geckos
  33 orcs
  2 giant cockroaches
  4 hobgoblins
  3 jackals (D:7)
  2 quokkas
  2 ball pythons
  A ball python zombie (D:5)
  A bat (D:1)
  3 frilled lizards (D:1)
  4 goblins
  39 kobolds
  A leopard gecko skeleton (D:7)
  2 quokka skeletons
  4 rats
283 creatures vanquished.

Vanquished Creatures (others)
  An orc (D:4)
  A quokka (D:4)
2 creatures vanquished.

Grand Total: 285 creatures vanquished

Notes
Turn   | Place    | Note
-------+----------+-------------------------------------------
     0 | D:1      | om the Palentonga Berserker began the quest for the Orb.
     0 | D:1      | Reached XP level 1. HP: 20/20 MP: 1/1
   489 | D:1      | Reached XP level 2. HP: 27/27 MP: 2/2
  1067 | D:2      | Reached XP level 3. HP: 25/33 MP: 1/3
  1606 | D:2      | Reached XP level 4. HP: 38/40 MP: 4/4
  1908 | D:3      | Found a glowing golden altar of the Shining One.
  1920 | D:3      | Reached ** piety under Trog
  2110 | D:3      | You fall into a shaft and drop 1 floor!
  2110 | D:4      | Found a shimmering altar of Xom.
  2111 | D:4      | Noticed a phantom
  2123 | D:4      | Reached skill level 4 in Maces & Flails
  2130 | D:4      | Reached XP level 5. HP: 49/49 MP: 5/5
  2176 | D:4      | Killed a phantom
  2407 | D:4      | Reached XP level 6. HP: 23/55 MP: 2/6
  2665 | D:4      | Reached skill level 5 in Maces & Flails
  3258 | D:4      | Gained mutation: You curl defensively after being hit.
                  | [Palentonga growth]
  3258 | D:4      | Reached XP level 7. HP: 63/63 MP: 7/7
  3299 | D:4      | Found a hazy altar of Hepliaklqana.
  3322 | D:4      | Noticed Menkaure
  3331 | D:4      | Killed Menkaure
  3331 | D:4      | Reached skill level 6 in Maces & Flails
  3705 | D:5      | Entered Level 5 of the Dungeon
  4012 | D:5      | Found Zooh's Antique Armour Shop.
  4028 | D:5      | Found Uriz's Jewellery Shop.
  4032 | D:5      | Noticed Blork the orc
  4035 | D:5      | Killed Blork the orc
  4065 | D:5      | Found Tokarphe's General Store.
  4073 | D:5      | Bought a scroll of blinking for 105 gold pieces
  4105 | D:5      | Noticed Sigmund
  4110 | D:5      | Killed Sigmund
  4110 | D:5      | Reached XP level 8. HP: 70/70 MP: 6/8
  4143 | D:5      | Found a runed translucent door.
  4144 | D:5      | Noticed Crazy Yiuf
  4416 | D:5      | Killed Crazy Yiuf
  4734 | D:6      | Found a staircase to the Ecumenical Temple.
  4753 | D:6      | Reached skill level 5 in Armour
  4865 | D:6      | Reached skill level 5 in Dodging
  5218 | D:6      | Reached *** piety under Trog
  5228 | D:6      | Reached skill level 7 in Maces & Flails
  5591 | D:7      | Reached skill level 8 in Maces & Flails
  5918 | D:7      | Found a snail-covered altar of Cheibriados.
  6057 | D:7      | Reached XP level 9. HP: 72/75 MP: 7/9
  6078 | D:7      | Found a blossoming altar of Fedhas.
  6162 | D:7      | Reached skill level 9 in Maces & Flails
  6449 | D:7      | Reached **** piety under Trog
  7019 | D:7      | Upgraded the game from 0.26-a0-720-g2a1d101370 to
                  | 0.26-a0-737-g4e9f4955e2
  7486 | D:8      | Reached skill level 10 in Maces & Flails
  7664 | D:7      | Reached skill level 5 in Fighting
  7891 | D:8      | Paralysed by a hornet for 1 turns
  8218 | D:8      | Found a burning altar of Makhleb.
  8801 | D:8      | Found a radiant altar of Vehumet.
  8907 | D:9      | Reached XP level 10. HP: 83/88 MP: 10/10
  9139 | D:9      | Reached ***** piety under Trog
  9436 | D:9      | Noticed a two-headed ogre
  9456 | D:9      | Killed a two-headed ogre
 10205 | D:9      | Received a gift from Trog
 10938 | D:9      | Noticed a centaur warrior
 10944 | D:9      | Killed a centaur warrior
 10944 | D:9      | Reached XP level 11. HP: 95/95 MP: 7/11
 11167 | D:10     | Entered Level 10 of the Dungeon
 11839 | D:10     | Found a staircase to the Lair.
 11921 | D:10     | Reached skill level 1 in Evocations
 12921 | D:11     | Noticed an ogre mage
 12921 | D:11     | Noticed a two-headed ogre
 12921 | D:11     | Noticed a two-headed ogre
 12921 | D:11     | Noticed a two-headed ogre
 12921 | D:11     | Noticed a two-headed ogre
 12929 | D:10     | Killed a two-headed ogre
 12935 | D:10     | Killed a two-headed ogre
 12935 | D:10     | Reached skill level 1 in Shields
 12939 | D:10     | Killed a two-headed ogre
 12942 | D:10     | HP: 4/95 [two-headed ogre/+0 giant club (14)]
 12947 | D:10     | Killed a two-headed ogre
 13295 | D:11     | Noticed a two-headed ogre
 13302 | D:10     | Killed an ogre mage
 13323 | D:10     | Demolished by a two-headed ogre

Illustrated notes

Levels and vault maps discovered:
D:1:      erik_arrival_triangle_medium, layout_basic, serial_bayou_lagoon_a
D:2:      layout_loops_corners
D:3:      layout_rooms, lemuel_crystal_altar, chequers_ecumenical_altar_island
D:4:      layout_loops_ring, lemuel_crystal_altar, xom_confusion_cloud,
          uniq_menkaure
D:5:      layout_rooms, serial_shops, nicolae_shop_competitors_out_of_business,
          nicolae_shop_crystal, nicolae_shop_stone, uniq_sigmund,
          uniq_blork_the_orc, uniq_crazy_yiuf_cottage
D:6:      layout_rooms, minmay_temple_entry_gardened_gates,
          chequers_serial_rivers_micro_a, minmay_chambers_of_fives
D:7:      layout_basic, lemuel_doored_altar, basic_altar
D:8:      layout_basic, kennysheep_mini, makhleb_blood_cavern_becter
D:9:      layout_basic, special_room [special_room_kobold]
D:10:     minmay_bubble_buster, layout_loops_ring, lair_entry_dummy
D:11:     minmay_inside_and_out, layout_long_grid

Skill      XL: |  1  2  3  4  5  6  7  8  9 10 11 |
---------------+----------------------------------+-----
Dodging        | 2 3 4 5 8 |  8.9
Armour         | 2 3 4 5 8 |  8.9
Maces & Flails | 4 5 6 8 10 | 10.0
Fighting       | 4 6 |  6.0
Evocations     | 3 |  3.4
Shields        | 2 |  2.4

Action                   |  1- 3 |  4- 6 |  7- 9 | 10-12 || total
-------------------------+-------+-------+-------+-------++-------
Melee: Mace              |    70 |   128 |   471 |       ||   669
       Tailslap          |     3 |    16 |    63 |    71 ||   153
       Whip              |       |       |    26 |   435 ||   461
       Quarterstaff      |       |       |       |     3 ||     3
Invok: Berserk           |     1 |     2 |    12 |     3 ||    18
       Trog's Hand       |       |       |       |     1 ||     1
 Abil: Rolling Charge    |    21 |    16 |    49 |    46 ||   132
Evoke: Wand              |       |       |       |     3 ||     3
  Use: Scroll            |       |       |     8 |     3 ||    11
       Potion            |       |       |     2 |     1 ||     3
 Stab: Paralysed         |       |       |       |     4 ||     4
Armor: Animal skin       |    12 |       |       |       ||    12
       Ring mail         |    18 |    53 |   188 |   101 ||   360
       Skin              |       |       |    28 |       ||    28
Dodge: Dodged            |    31 |    63 |   277 |   183 ||   554
Block: Buckler           |       |       |       |     3 ||     3

Table legend: (Time is in decaauts)
 A = Elapsed time spent in this place.
 B = Non-inter-level travel time spent in this place.
 C = Inter-level travel time spent in this place.
 D = Time resting spent in this place.
 E = Time spent auto-exploring this place.
 F = Levels seen in this place.
 G = Mean time per level.
                   A        B        C        D        E       F      G
               +--------+--------+--------+--------+--------+-----+--------+
         Total |  13363 |  12854 |    509 |   3238 |   7611 |  11 | 1214.8 |
       Dungeon |  13363 |  12854 |    509 |   3238 |   7611 |  11 | 1214.8 |
               +--------+--------+--------+--------+--------+-----+--------+

Top non-repeatable levels by time:
     D:9: 2258 daAuts
     D:7: 2160 daAuts
    D:10: 1955 daAuts
     D:4: 1694 daAuts
     D:8: 1278 daAuts
     D:2: 1104 daAuts
     D:6: 1049 daAuts
     D:1: 804 daAuts
     D:5: 792 daAuts
     D:3: 233 daAuts
    D:11: 32 daAuts
